 Dungeon Sprint DCSS version bcrawl-1.20.1-3-gdcb1fc31ed (webtiles) character file.

Game seed: 12166025392637016680

126 Freyura the Twirler (level 4, -7/38 HPs)
             Began as a Demonspawn Gladiator on Jan 31, 2020.
             Was an Initiate of Qazlal.
             Killed from afar by an efreet (29 damage)
             ... with a fireball
             ... in the Dungeon (Sprint IX: "|||||||||||||||||||||||||||||").
             The game lasted 00:03:17 (388 turns).

Freyura the Twirler (Demonspawn Gladiator)           Turns: 388, Time: 00:03:18

Health: -7/38      AC: 15    Str: 15    XL:     4   Next: 84%
Magic:  4/4        EV:  8    Int:  9    God:    Qazlal [......]
Gold:   0          SH:  0    Dex: 15    Spells: 3/3 levels left

rFire    . . .     SeeInvis .   p - +4 quarterstaff (speed)
rCold    + . .     Gourm    .   (shield currently unavailable)
rNeg     . . .     Faith    .   o - +1 chain mail
rPois    .         Spirit   .   c - +0 helmet
rElec    .         Reflect  .   (no cloak)
rCorr    .         Harm     .   b - +0 pair of gloves
MR       .....     NoTele   +   a - +0 pair of boots
Stlth    ..........             (no amulet)
HPRegen  0.12/turn              (no ring)
MPRegen  0.09/turn              (no ring)

@: hasted, very quick
A: thin metallic scales 1, cold resistance 1
a: Renounce Religion


You were in the Dungeon.
You worshipped Qazlal.
Qazlal was noncommittal.
You were not hungry.

You visited 1 branch

Inventory:

Hand Weapons
 p - a +4 quarterstaff of speed (weapon)
Missiles
 d - 3 throwing nets (quivered) {!f}
Armour
 a - a +0 pair of boots (worn)
 b - a +0 pair of gloves (worn)
 c - a +0 helmet (worn)
 o - a +1 chain mail (worn)
Wands
 n - a wand of iceblast (10)
Scrolls
 k - 2 scrolls of blinking
 l - 3 scrolls of remove curse
 m - 2 scrolls of amnesia
Potions
 f - 5 potions of curing
 g - 3 potions of heal wounds
 i - 4 potions of magic
 j - a potion of invisibility
Comestibles
 e - a ration {!d}


   Skills:
 + Level 4.6 Fighting
 * Level 6.2 Staves
 - Level 1.7 Throwing
 + Level 3.6 Armour
 + Level 4.7 Dodging


You had 3 spell levels left.
You didn't know any spells.
Your spell library was empty.

Dungeon Overview and Level Annotations

Branches:
Dungeon (1/1)

Altars:
Cheibriados
Dithmenos
Elyvilon
Fedhas
Gozag
Hepliaklqana
Kikubaaqudgha
Lugonu
Makhleb
Nemelex Xobeh
Okawaru
Qazlal
Ru
Sif Muna
Trog
Uskayaw
Vehumet
Wu Jian
Xom
Yredelemnul
Zin
The Shining One
Beogh
Jiyva


Innate Abilities, Weirdness & Mutations

You are partially covered in thin metallic scales. (AC +2)
Your flesh is cold resistant. (rC+)


Message History

You are too injured to fight recklessly!
You are too injured to fight recklessly!
You are too injured to fight recklessly!
You are too injured to fight recklessly!
You are too injured to fight recklessly!
You are too injured to fight recklessly!
You are too injured to fight recklessly!
You are too injured to fight recklessly!
You are too injured to fight recklessly!
You are too injured to fight recklessly!
You are too injured to fight recklessly!
You are too injured to fight recklessly!
You hit the efreet.
The efreet is moderately wounded.
You sock the efreet!
The efreet is heavily wounded.
The efreet gestures at you.
The fireball explodes!
The fireball engulfs you!
Ouch! That really hurt!
You die...

▓.▓
▓|▓
▓[▓
▓.▓
▓.▓
▓.▓
▓.▓
▓=▓
▓@▓
▓R▓
▓F▓
▓l▓
▓o▓
▓o▓
▓.▓
▓+▓


You could see an efreet, a basilisk, a bullfrog and 2 orcs.

Vanquished Creatures
  A howler monkey (D)
  A jelly (D)
  An orc priest (D)
  A worker ant (D)
  A goblin (D)
  A hobgoblin (D)
  A kobold (D)
  A quokka (D)
  A bat (D)
  A quokka zombie (D)
  A rat (D)
11 creatures vanquished.

Notes
Turn   | Place    | Note
-------+----------+-------------------------------------------
     0 | D        | Freyura the Demonspawn Gladiator began the quest for the
                  | Orb.
     0 | D        | Reached XP level 1. HP: 16/16 MP: 1/1
     5 | D        | Reached skill level 3 in Staves
    13 | D        | Reached skill level 1 in Armour
    24 | D        | Noticed a howler monkey
    24 | D        | Noticed an orc priest
    24 | D        | Noticed a jelly
    30 | D        | Killed a howler monkey
    30 | D        | Reached skill level 4 in Staves
    30 | D        | Gained mutation: You are partially covered in thin metallic
                  | scales. (AC +2) [demonic ancestry]
    30 | D        | Reached XP level 2. HP: 16/24 MP: 2/2
    30 | D        | Reached XP level 3. HP: 20/29 MP: 3/3
    38 | D        | Reached skill level 5 in Staves
    38 | D        | Gained mutation: Your flesh is cold resistant. (rC+)
                  | [demonic ancestry]
    38 | D        | Reached XP level 4. HP: 13/37 MP: 4/4
   287 | D        | Found a roughly hewn altar of Beogh.
   287 | D        | Found a snail-covered altar of Cheibriados.
   287 | D        | Found a shadowy altar of Dithmenos.
   287 | D        | Found a white marble altar of Elyvilon.
   287 | D        | Found a blossoming altar of Fedhas.
   287 | D        | Found an opulent altar of Gozag.
   288 | D        | Found a hazy altar of Hepliaklqana.
   289 | D        | Found a viscous altar of Jiyva.
   290 | D        | Found an ancient bone altar of Kikubaaqudgha.
   291 | D        | Found a corrupted altar of Lugonu.
   292 | D        | Found a burning altar of Makhleb.
   293 | D        | Found a sparkling altar of Nemelex Xobeh.
   294 | D        | Found an iron altar of Okawaru.
   295 | D        | Found a stormy altar of Qazlal.
   296 | D        | Found a sacrificial altar of Ru.
   297 | D        | Found a shimmering blue altar of Sif Muna.
   298 | D        | Found a bloodstained altar of Trog.
   299 | D        | Found a hide-covered altar of Uskayaw.
   300 | D        | Found a radiant altar of Vehumet.
   301 | D        | Found an ornate altar of the Wu Jian Council.
   302 | D        | Found a shimmering altar of Xom.
   303 | D        | Found a basalt altar of Yredelemnul.
   304 | D        | Found a glowing silver altar of Zin.
   305 | D        | Found a glowing golden altar of the Shining One.
   317 | D        | Became a worshipper of Qazlal Stormbringer
   375 | D        | Noticed an efreet
   375 | D        | Noticed a bullfrog
   375 | D        | Noticed a basilisk
   382 | D        | Reached skill level 6 in Staves
   388 | D        | Killed from afar by an efreet

Skill      XL: |  1  2  3  4 |
---------------+-------------+-----
Staves         | 4 5 6 |  6.2
Dodging        | 3 4 |  4.7
Armour         | 2 3 |  3.6
Fighting       | 3 4 |  4.6
Throwing       | |  1.7

Action                   |  1- 3 |  4- 6 || total
-------------------------+-------+-------++-------
Melee: Quarterstaff      |    19 |    13 ||    32
  Use: Potion            |     1 |     1 ||     2
Armor: Leather armour    |     6 |       ||     6
       Chain mail        |       |     1 ||     1
Dodge: Dodged            |     5 |     5 ||    10
